AoeStats
← ska_18

Pilgrims

509331545Analyzed
3v3 RM · 4d ago on Sep 26, 2026· 30m 20s· 6 players
Game mode
Random Map
Map size
Normal (6 player)
Population
200
Speed
Normal
Resources
Standard
Victory
Conquest
Starting age
Dark Age
Ending age
Imperial Age
RankedLock teamsTeams togetherTeam positionsShared explorationLock speedFull tech treeHidden civsTurbo modeCheats
Victory
Defeat
🇹🇷 Vietnamese · Türkiye
894
+17
🇹🇷 Khmer · Türkiye
842
+19
🇹🇷 Wu · Türkiye
820
+21
🇦🇹 Saracens · Austria
922
-19
🇵🇱 Cumans · Poland
917
-19
🇲🇰 Britons · North Macedonia
913
-19
Bel1cev
9:58 Loom
14:53 Feudal Age
22:42 Castle Age
23:12 Stone Mining
23:12 Gold Mining
28:50 Scale Barding Armor
malolepszy.adrian
9:23 Feudal Age
10:11 Double-Bit Axe
10:55 Fishing Lines
12:21 Wheelbarrow
22:29 Castle Age
21:45 Stone Mining
21:45 Gold Mining
22:26 Fletching
23:08 Padded Archer Armor
23:27 Gillnets
24:24 Gold Shaft Mining
24:11 Hand Cart
25:41 Thumb Ring
26:00 Bow Saw
32:49 Imperial Age
30:21 Bodkin Arrow
ska_18
FÜHRER
10:02 Loom
12:12 Feudal Age
13:59 Fishing Lines
17:11 Castle Age
17:54 Double-Bit Axe
18:02 Gillnets
18:55 Gold Mining
21:55 Bloodlines
21:45 Husbandry
22:40 Bow Saw
26:31 Stone Mining
27:16 Gold Shaft Mining
29:13 Stone Shaft Mining
28:31 Horse Collar
30:00 Bloodlines
32:36 Imperial Age
Kleaopsy
3:05 Loom
10:21 Feudal Age
10:43 Horse Collar
12:23 Wheelbarrow
11:33 Town Watch
12:19 Double-Bit Axe
20:47 Castle Age
22:55 Bow Saw
23:50 Gold Mining
23:53 Stone Mining
24:34 Heavy Plow
24:48 Town Patrol
25:22 Hand Cart
28:35 Ballistics
29:02 Padded Archer Armor
28:53 Fletching
29:13 Forging
29:23 Scale Barding Armor
30:04 Leather Archer Armor
29:53 Murder Holes
30:15 Bodkin Arrow
SINYOR
9:06 Loom
15:02 Feudal Age
15:35 Double-Bit Axe
15:32 Horse Collar
15:36 Fishing Lines
16:55 Wheelbarrow
16:16 Gold Mining
16:17 Stone Mining
17:51 Fletching
18:02 Padded Archer Armor
21:54 Castle Age
22:47 Bow Saw
23:14 Stone Shaft Mining
22:40 Heavy Plow
23:06 Gillnets
23:30 Medium Warships
24:03 Hand Cart
24:22 Forging
24:13 Scale Mail Armor
24:18 Scale Barding Armor
24:09 Bodkin Arrow
25:43 Ballistics
25:42 Clinker Construction
25:05 Crossbowman
Connection lost

Rejoining the realm…

Still unreachable

The connection could not be restored.

Session expired

The server has moved on; the page needs a fresh start.